 Dungeon Crawl Stone Soup version 0.24-a0-125-gdf02491 (console) character file.

Game seed: 0

774 Duffy the Chopper (level 7, 62/62 HPs)
             Began as a Naga Fighter on Feb 23, 2019.
             Was a Follower of the Shining One.
             Quit the game on level 5 of the Dungeon.
             The game lasted 00:04:15 (6005 turns).

Duffy the Chopper (Naga Fighter)                    Turns: 6005, Time: 00:04:15

Health: 62/62      AC:  9    Str: 18    XL:     7   Next: 84%
Magic:  8/8        EV:  6    Int: 10    God:    the Shining One [*.....]
Gold:   168        SH:  9    Dex: 11    Spells: 6/6 levels left

rFire    . . .     SeeInvis +   a - +0 war axe
rCold    . . .     Gourm    .   c - +0 shield
rNeg     . . .     Faith    .   i - +0 scale mail (curse)
rPois    +         Spirit   .   (no helmet)
rElec    .         Reflect  .   o - +2 cloak
rCorr    .         Harm     .   (no gloves)
MR       .....                  (no barding)
Stlth    ..........             n - amulet of magic regeneration
HPRegen  0.20/turn              (no ring)
MPRegen  0.36/turn              (no ring)

@: glowing, very slow
A: large, see invisible, deformed body, poison resistance, slowness 2, slow
metabolism 1, spit poison 1, AC +2
a: Spit Poison, Renounce Religion


You were on level 5 of the Dungeon.
You worshipped the Shining One.
The Shining One was aware of your devotion.
You were not hungry.

You visited 2 branches of the dungeon, and saw 6 of its levels.

You collected 338 gold pieces.
You spent 170 gold pieces at shops.

Inventory:

Hand Weapons
 a - a +0 war axe (weapon)
 h - a +0 blowgun
 s - a +1 dagger of electrocution
 y - the +3 battleaxe of Wrath {flame, MP+9 Int+4}
   (You found it on level 5 of the Dungeon)

   It has been specially enchanted to burn those struck by it, causing extra
   injury to most foes and up to half again as much damage against particularly
   susceptible opponents.
   Big, fiery blades are also staple armaments of hydra-hunters.
   It affects your intelligence (+4).
   It affects your magic capacity (+9).
Armour
 c - a +0 shield (worn)
 i - a cursed +0 scale mail (worn)
 o - a +2 cloak (worn)
Jewellery
 n - an amulet of magic regeneration (around neck)
Wands
 u - a wand of iceblast (13)
Scrolls
 e - 11 scrolls of identify {unknown}
 g - 4 scrolls of remove curse {unknown}
 j - a scroll of teleportation {unknown}
 k - 4 scrolls of magic mapping {unknown}
 l - 2 scrolls of enchant weapon {unknown}
 m - 2 scrolls of amnesia {unknown}
 r - 2 scrolls of immolation {unknown}
 w - 2 scrolls of enchant armour {unknown}
 z - a scroll of blinking {unknown}
Potions
 b - 2 potions of flight {unknown}
 d - a potion of might
 p - a potion of curing {unknown}
 q - a potion of mutation {unknown}
 t - a potion of cancellation {unknown}
 x - a potion of agility
Miscellaneous
 A - a sack of spiders
Comestibles
 f - 8 rations
 v - 2 chunks of flesh


   Skills:
 - Level 3.0 Fighting
 + Level 6.0 Axes
 - Level 2.4 Armour
 + Level 5.3 Shields
 + Level 1.8 Evocations


You had 6 spell levels left.
You didn't know any spells.
Your spell library contained the following spells:

 Spells                   Type           Power        Failure   Level  Hunger
 Magic Dart               Conj           #...         95%         1    ##.....
 Blink                    Tloc           N/A          99%         2    ###....
 Call Imp                 Summ           #.......     99%         2    ###....
 Slow                     Hex            #.......     99%         2    ###....
 Conjure Flame            Conj/Fire      #.......     100%        3    ####...
 Mephitic Cloud           Conj/Pois/Air  #.......     100%        3    ####...


Dungeon Overview and Level Annotations

Branches:
Dungeon (5/15)             Temple (1/1) D:5

Altars:
Cheibriados
Elyvilon
Fedhas
Gozag
Hepliaklqana
Makhleb
Nemelex Xobeh
Okawaru
Qazlal
Ru
Sif Muna
Trog
Uskayaw
Vehumet
Xom
Yredelemnul
Zin
The Shining One

Shops:
D:4 }

Annotations:
D:4 3 runed translucent doors, kal9871's ghost, amateur OgFi


Innate Abilities, Weirdness & Mutations

You cannot wear boots.
Your serpentine skin is tough. (AC +2)
You have supernaturally acute eyesight. (SInv)
Armour fits poorly on your strangely shaped body.
Your system is resistant to poisons. (rPois)
You cover ground very slowly.
You have a slow metabolism.
You can spit poison.


Message History

y - the +3 battleaxe of Wrath (weapon)
{flame, MP+9 Int+4} Wield which item (- for none, * to show all)? (? for menu, Esc to quit)
The +3 battleaxe of Wrath {flame, MP+9 Int+4} stops flaming.
a - a +0 war axe (weapon)
Wear which item? (? for menu, Esc to quit)
You start putting on your armour.
You continue putting on your +0 shield. x4
You finish putting on your +0 shield.
You see here a sack of spiders.
z - a scroll labeled FEF GUEGENYO You see here a sack of spiders.
A - a sack of spiders You see here a robe.
You see here a jackal skeleton.
There is a stone staircase leading up, spattered with blood here.
You see here a +0 spear.
There is a stone staircase leading up here.
Done exploring.
Done exploring.
Done exploring.
Are you sure you want to abandon this character and quit the game? (Confirm with "yes".)

#.>.#8).8#.## #..........(..
#.....).((..###.............
#..#..>[)...##..............
#####8..8#..................
##..##.##.#.##..........
#.....###.####..........
#.....###.# #[..........
####.......####........##
#......@..........<....#.
#.............#.##.......
#.......##....#.###...#..
######..#..##.........###
##.###.#..............##
#####..####.................
##.##.....###................
#........#.###............##.
##...#...................)..##


There were no monsters in sight!

Vanquished Creatures
  Grinder (D:4)
  A centaur (D:5)
  Blork the orc (D:4)
  A howler monkey (D:4)
  An orc priest (D:5)
  Crazy Yiuf (D:3)
  A centaur skeleton (D:4)
  3 orc wizards
  A howler monkey skeleton (D:5)
  5 adders
  4 gnolls
  2 shadow imps (D:5)
  2 worms (D:2)
  5 leopard geckos
  11 orcs
  4 bats
  5 giant cockroaches
  10 goblins
  6 hobgoblins
  6 jackals
  5 kobolds
  A quokka (D:3)
  A ball python (D:3)
  3 frilled lizards
  A quokka skeleton (D:4)
  6 rats
  A fungus (D:3)
89 creatures vanquished.

Notes
Turn   | Place    | Note
-------+----------+-------------------------------------------
     0 | D:1      | Duffy the Naga Fighter began the quest for the Orb.
     0 | D:1      | Reached XP level 1. HP: 21/21 MP: 1/1
   166 | D:1      | Reached XP level 2. HP: 24/28 MP: 2/2
  1293 | D:2      | Reached XP level 3. HP: 34/34 MP: 3/3
  1559 | D:2      | Found a glowing golden altar of the Shining One.
  1605 | D:2      | Became a worshipper of the Shining One
  1610 | D:2      | Reached skill level 3 in Axes
  2022 | D:2      | You fall through a shaft for 2 floors!
  2046 | D:4      | Reached XP level 4. HP: 13/42 MP: 4/4
  2285 | D:4      | Noticed an ice beast
  2293 | D:4      | Found a runed translucent gate.
  2293 | D:4      | Found a runed translucent gate.
  2293 | D:4      | Found a runed translucent gate.
  2552 | D:3      | Reached XP level 5. HP: 48/49 MP: 5/5
  2576 | D:3      | Reached skill level 4 in Axes
  3849 | D:3      | Found a runed translucent door.
  3850 | D:3      | Noticed Crazy Yiuf
  3860 | D:3      | Killed Crazy Yiuf
  3860 | D:3      | Reached XP level 6. HP: 31/56 MP: 6/6
  4365 | D:4      | Noticed Grinder
  4381 | D:4      | Killed Grinder
  4381 | D:4      | Reached skill level 5 in Axes
  4381 | D:4      | Reached XP level 7. HP: 27/62 MP: 7/7
  4656 | D:4      | Noticed Blork the orc
  4666 | D:4      | Killed Blork the orc
  4666 | D:4      | Reached skill level 5 in Shields
  4771 | D:4      | Reached * piety under the Shining One
  4783 | D:4      | Noticed kal9871's ghost (amateur OgFi)
  4841 | D:4      | Found Rebu Qim's Gadget Boutique.
  4847 | D:4      | Bought a wand of iceblast (13) for 170 gold pieces
  4900 | D:5      | Entered Level 5 of the Dungeon
  5221 | D:5      | Found a staircase to the Ecumenical Temple.
  5234 | D:5      | Reached skill level 1 in Evocations
  5246 | Temple   | Entered the Ecumenical Temple
  5599 | D:5      | Reached skill level 6 in Axes
  5868 | D:5      | Got a bloodstained battleaxe
  5874 | D:5      | Identified the +3 battleaxe of Wrath {flame, MP+9 Int+4}
                  | (You found it on level 5 of the Dungeon)
  6005 | D:5      | Quit the game

Levels and vault maps discovered:
D:1:      giann_horns, layout_loops_ring, chequers_serial_rivers_large_a,
          minivault_25
D:2:      layout_basic, first_ration, nicolae_tso_swordbearing_angel
D:3:      layout_loops_ring, uniq_crazy_yiuf_cottage
D:4:      layout_basic, gammafunk_ghost_icy, serial_shops, shop,
          uniq_blork_the_orc, uniq_grinder
D:5:      layout_cave_pools, minmay_temple_entry_glassed_door, st_stairs_6,
          minivault_5
Temple:   eino_narrow_crystal_temple

Skill      XL: |  1  2  3  4  5  6  7 |
---------------+----------------------+-----
Shields        | 3 4 5 |  5.3
Axes           | 3 4 5 6 |  6.0
Evocations     | 1 |  1.8
Fighting       | |  3.0
Armour         | |  2.4

Action                   |  1- 3 |  4- 6 |  7- 9 || total
-------------------------+-------+-------+-------++-------
Melee: War axe           |   116 |   177 |    62 ||   355
 Abil: Spit Poison       |     5 |     1 |       ||     6
  Eat: Chunk             |     2 |     7 |     1 ||    10
       Ration            |       |       |     1 ||     1
Armor: Scale mail        |    54 |    67 |    24 ||   145
Dodge: Dodged            |    27 |    36 |    18 ||    81
Block: Shield            |    53 |    77 |    48 ||   178

Table legend:
 A = Non-vault XP
 B = Vault XP
 C = Vault XP percentage of total XP
 D = Non-vault monster count
 E = Vault monster count
 F = Vault count percentage of total count
                 A         B        C        D         E       F
            +---------+---------+-------+---------+---------+-------
      Total |     651 |     456 |  41.2 |      84 |       4 |   4.5
            +---------+---------+-------+---------+---------+-------
        D:1 |      25 |       0 |   0.0 |      14 |       0 |   0.0
        D:2 |      50 |       0 |   0.0 |      14 |       0 |   0.0
        D:3 |     118 |      40 |  25.3 |      31 |       1 |   3.1
        D:4 |     172 |     405 |  70.2 |      11 |       2 |  15.4
        D:5 |     286 |      11 |   3.7 |      14 |       1 |   6.7
            +---------+---------+-------+---------+---------+-------
